 Dungeon Crawl Stone Soup version 0.30-a0-354-g6b83867211 (webtiles) character file.

Game seed: 16302946974145036438

1404 Tocho the Spear-Bearer (level 8, -1/56 HPs)
             Began as a Demonspawn Gladiator on Nov 8, 2022.
             Was an Initiate of Vehumet.
             Succumbed to a water moccasin's poison
             ... on level 5 of the Dungeon.
             The game lasted 00:09:48 (5032 turns).

Tocho the Spear-Bearer (Demonspawn Gladiator)       Turns: 5032, Time: 00:09:49

Health: -1/56      AC: 10    Str: 16 (17) XL:     8   Next: 42%
Magic:  6/8        EV:  7    Int:  8 (9)  God:    Vehumet [......]
Gold:   274        SH:  4    Dex: 15      Spells: 7/7 levels left

rFire   . . .      SeeInvis .    a - +0 trident
rCold   . . .      Faith    .    (no shield)
rNeg    . . .      Spirit   +    h - +0 chain mail
rPois   .          Reflect  .    c - +0 helmet
rElec   .          Harm     .    (no cloak)
rCorr   .          Rampage  .    s - +0 pair of gloves
Will    .....                    (no boots)
Stlth   ..........               v - amulet of guardian spirit
HPRegen 0.29/turn                (no ring)
MPRegen 0.11/turn                (no ring)

@: lethally poisoned (-1 -> -15)
A: hooves 2, condensation shield, demonic magic 1
a: Renounce Religion


You were on level 5 of the Dungeon.
You worshipped Vehumet.
Vehumet was noncommittal.
You visited 1 branch of the dungeon, and saw 5 of its levels.

You collected 274 gold pieces.

Inventory:

Hand Weapons
 a - a +0 trident (weapon)
 w - a +0 shortbow
Missiles
 d - a throwing net (quivered)
 e - a javelin
 m - 5 poisoned darts
 r - 2 curare-tipped darts
Armour
 b - a +0 leather armour
 c - a +0 helmet (worn)
 h - a +0 chain mail (worn)
 i - a +0 ring mail
 s - a +0 pair of gloves (worn)
Magical Staves
 u - a staff of air
Jewellery
 p - an amulet of the acrobat
 v - an amulet of guardian spirit (around neck)
Scrolls
 f - 2 scrolls of noise
 o - a scroll of amnesia
 t - 3 scrolls of identify {unknown}
Potions
 k - a potion of attraction


   Skills:
 - Level 2.1 Fighting
 + Level 9.9 Polearms
 - Level 1.8 Throwing
 - Level 2.7 Dodging


You had 7 spell levels left.
You didn't know any spells.
Your spell library contained the following spells:

 Spells                   Type           Power      Damage    Failure   Level
 Summon Small Mammal      Summ           0%         N/A       100%        1
 Call Canine Familiar     Summ           0%         N/A       100%        3
 Summon Guardian Golem    Hex/Summ       0%         N/A       100%        3


Dungeon Overview and Level Annotations

Branches:
Dungeon (5/15)
 Temple: D:4-7

Altars:
Ashenzari
Hepliaklqana
Nemelex Xobeh
Ru
Vehumet
Wu Jian


Innate Abilities, Weirdness & Mutations

You have hoof-like feet.
A meltable shield of frost defends you. (SH +4)
Spells you cast may paralyse adjacent enemies.


Message History

You barely miss the water moccasin. Your kick misses the water moccasin.
The water moccasin is severely wounded.
You feel very sick. The water moccasin bites you.
You hit the water moccasin.
The water moccasin is severely wounded.
You feel very sick.
The water moccasin bites you but does no damage.
You barely miss the water moccasin.
The water moccasin is severely wounded.
You feel very sick.
The water moccasin bites you but does no damage.
You hit the water moccasin. You kick the water moccasin.
The water moccasin is almost dead.
* * * LOW HITPOINT WARNING * * *
You feel very sick. You block the water moccasin's attack.
You hit the water moccasin but do no damage.
The water moccasin is almost dead.
* * * LOW HITPOINT WARNING * * *
You feel very sick. The water moccasin bites you.
* * * LOW HITPOINT WARNING * * *
You are more poisoned.
The water moccasin poisons you!
Okay, then.
Blink to where?
Press: ? - help, Dir - move target
As you read the scroll of blinking, it crumbles to dust.
* * * LOW HITPOINT WARNING * * *
You feel very sick.
As you read the scroll labelled GAFAOGHAVI, it crumbles to dust.
You hear a loud clanging noise!
It was a scroll of noise.
* * * LOW HITPOINT WARNING * * *
You feel very sick.
As you read the scroll labelled ITASHRUA TEITWE, it crumbles to dust.
The creatures around you are filled with an inner flame!
It was a scroll of immolation.
You die...

...........#.#####
#.#
..#..#...#.......#
#.# .
#...##...#####.#
#.## ###. ##.##
#S# #.#. .. #.#
#.# ##... .## #.#
#.# #...# .... #.#
#.# ##...#
...######.# #.#
#..### #[.......#
#@# #.##..
#......### #.#
#.#._.
#.####.########.#
#.##.#
#.##.......#
#..### ###
#.##.#######
##.... ~~#
###.##.# ##.#. ~~#
#...##.# #.#. ..#
#.####.# #.## ..#
#.# #.# #.#


You could see a water moccasin (inner flame).

Vanquished Creatures
  Menkaure (D:5)
  A water moccasin (D:5)
  2 black bears (D:5)
  An ice beast (D:5)
  An ogre (D:5)
  2 centaurs (D:5)
  A phantom (D:4)
  3 scorpions
  3 hounds
  A gnoll bouda (D:5)
  2 iguanas (D:4)
  2 orc wizards (D:4)
  3 gnolls (D:5)
  5 adders
  2 ufetubi
  4 worms
  3 dart slugs (D:2)
  9 orcs
  6 bats
  4 endoplasms
  4 giant cockroaches
  5 goblins
  7 hobgoblins
  6 jackals
  3 quokkas
  4 ball pythons
  5 kobolds
  5 rats
95 creatures vanquished.

Notes
Turn   | Place    | Note
-------+----------+-------------------------------------------
     0 | D:1      | Tocho the Demonspawn Gladiator began the quest for the Orb.
     0 | D:1      | Reached XP level 1. HP: 16/16 MP: 1/1
    92 | D:1      | Reached skill level 3 in Polearms
   154 | D:1      | Gained mutation: You have large cloven feet. [demonic
                  | ancestry]
   154 | D:1      | Reached XP level 2. HP: 22/22 MP: 2/2
   948 | D:2      | Reached XP level 3. HP: 27/27 MP: 3/3
  1086 | D:2      | Reached skill level 4 in Polearms
  1495 | D:3      | Gained mutation: A meltable shield of frost defends you.
                  | (SH +4) [demonic ancestry]
  1495 | D:3      | Reached XP level 4. HP: 19/33 MP: 4/4
  2138 | D:3      | Found a broken altar of Ashenzari.
  2299 | D:3      | Found a hazy altar of Hepliaklqana.
  2599 | D:4      | Noticed a scorpion
  2614 | D:4      | Killed a scorpion
  2615 | D:4      | Reached skill level 5 in Polearms
  2615 | D:4      | Reached XP level 5. HP: 26/38 MP: 5/5
  2710 | D:4      | Noticed a phantom
  2723 | D:4      | Killed a phantom
  2739 | D:4      | Found a sacrificial altar of Ru.
  2950 | D:4      | Reached skill level 6 in Polearms
  2980 | D:4      | Gained mutation: You have hoof-like feet. [demonic
                  | ancestry]
  2980 | D:4      | Reached XP level 6. HP: 44/44 MP: 6/6
  3454 | D:4      | Reached skill level 7 in Polearms
  3530 | D:4      | Found a radiant altar of Vehumet.
  3709 | D:4      | Became a worshipper of Vehumet
  3831 | D:5      | Entered Level 5 of the Dungeon
  3835 | D:5      | Gained mutation: Spells you cast may paralyse adjacent
                  | enemies. [demonic ancestry]
  3835 | D:5      | Reached XP level 7. HP: 50/50 MP: 7/7
  3884 | D:5      | Reached skill level 8 in Polearms
  4262 | D:5      | Noticed Menkaure
  4289 | D:5      | Found an ornate altar of the Wu Jian Council.
  4326 | D:5      | Killed Menkaure
  4489 | D:5      | Reached skill level 9 in Polearms
  4489 | D:5      | Reached XP level 8. HP: 49/56 MP: 6/8
  4867 | D:5      | Found a sparkling altar of Nemelex Xobeh.
  4961 | D:5      | Identified the +2 long sword of Cara {holy, *Corrode rPois
                  | Str+7 Dex+6}
  5031 | D:5      | HP: 1/56 [poisoned by a water moccasin]
  5032 | D:5      | Succumbed to a water moccasin's poison

Illustrated notes

Levels and vault maps discovered:
D:1:      eino_arrival_tree_alley, layout_basic
D:2:      layout_loops_ring, minmay_stone_trees_small
D:3:      layout_loops_corners, mainiacjoe_overflow_alcove_4,
          mainiacjoe_overflow_alcove_2, chequers_big_river
D:4:      layout_cave_pods, mainiacjoe_overflow_brackets,
          nicolae_overflow_hidden_temple
D:5:      layout_loops_ring, nzn_wu_jian_contemplation,
          nemelex_dance_club_becter, uniq_menkaure

Skill      XL: |  1  2  3  4  5  6  7 |
---------------+----------------------+-----
Polearms       | 3 4 5 6 7 9 |  9.9
Fighting       | |  2.1
Throwing       | |  1.8
Dodging        | |  2.7

Action                   |  1- 3 |  4- 6 |  7- 9 || total
-------------------------+-------+-------+-------++-------
Melee: Trident           |   126 |   125 |   110 ||   361
       Kick              |    19 |    32 |    33 ||    84
       Punch             |       |     2 |       ||     2
Throw: Throwing net      |       |     2 |     2 ||     4
  Use: Potion            |       |     2 |     3 ||     5
       Scroll            |       |       |     6 ||     6
 Stab: Held in net/web   |       |     1 |     3 ||     4
Armor: Leather armour    |    14 |       |       ||    14
       Chain mail        |    42 |    51 |    47 ||   140
Dodge: Dodged            |    52 |    22 |    22 ||    96
Block: Other             |       |    19 |     6 ||    25

Table legend: (Time is in decaauts)
 A = Elapsed time spent in this place.
 B = Non-inter-level travel time spent in this place.
 C = Inter-level travel time spent in this place.
 D = Time resting spent in this place.
 E = Time spent auto-exploring this place.
 F = Levels seen in this place.
 G = Mean time per level.
                   A        B        C        D        E       F      G
               +--------+--------+--------+--------+--------+-----+--------+
         Total |   5050 |   4881 |    169 |    610 |   3440 |   5 | 1010.0 |
       Dungeon |   5050 |   4881 |    169 |    610 |   3440 |   5 | 1010.0 |
               +--------+--------+--------+--------+--------+-----+--------+

Top non-repeatable levels by time:
     D:4: 1269 daAuts
     D:3: 1202 daAuts
     D:5: 1196 daAuts
     D:1: 756 daAuts
     D:2: 625 daAuts
